[Event "*** Titled Tuesday Blitz"]
[Site "Chess.com"]
[Date "2018.04.03"]
[Round "2"]
[White "blitzcopter"]
[Black "chesstatour"]
[Result "1-0"]
[WhiteElo "2145"]
[BlackElo "1972"]
[TimeControl "180+2"]
[EndTime "13:23:34 PDT"]
[Termination "blitzcopter won on time"]

1. e4 c6 2. Nc3 d5 3. Nf3 dxe4 4. Nxe4 Nf6 5. Ng3 h5 6. h4 Bg4 7. Bc4 e6 8. d3 Nbd7 9. Bg5 Ne5 10. Qe2 Bxf3 11.
gxf3 Nxc4 12. dxc4 Qc7 13. O-O-O Be7 14. f4 Rd8 15.
Bxf6 gxf6 16. Nxh5 Qa5 17. Rxd8+ Bxd8 18. Re1 Qxh5 19. Qd3 Bc7 20. f5 Bf4+ 21. Kb1 O-O 22. fxe6 fxe6 23. Rg1+ Kh8 24. Qd7 Qf7 25. Qd4 e5 26.
Qd1 Qh7 27. Qd6 Qf7 28. Qd1 Rg8 29. Rxg8+ Kxg8 30. Qg4+ Kh7 31. Qf5+ Qg6 32. Qd7+ Qg7 33. Qf5+ Kh6 34. a3 Qg6 35. Qd7 e4 36. Qxb7 f5 37. Qe7 Qd6 38. Qf7 1-0

[Event "*** Titled Tuesday Blitz"]
[Site "Chess.com"]
[Date "2018.04.03"]
[Round "2"]
[White "BilodeauA"]
[Black "a_kandil"]
[Result "1-0"]
[WhiteElo "2643"]
[BlackElo "2299"]
[TimeControl "180+2"]
[EndTime "13:23:35 PDT"]
[Termination "BilodeauA won by resignation"]

1. e4 c5 2. Nf3 d6 3. d4 cxd4 4. Nxd4 Nf6 5. Nc3 a6 6. Be2 e5 7. Nb3 Be6 8. f4 exf4 9. Bxf4 Nc6 10. O-O d5 11. exd5 Nxd5 12. Nxd5 Qxd5 13. Bf3 Qxd1 14.
Raxd1 Be7 15. c3 O-O 16. Bd6 Bxd6 17. Rxd6 Rfd8 18. Rfd1 Rxd6 19. Rxd6 Rd8 20. Rxd8+ Nxd8 21. Nc5 Bc8 22. Kf2 b6 23. Na4 b5 24. Nc5 Kf8 25.
Ke3 Ke7 26. b4 Kd6 27. Be4 f5 28. Bf3 g5 29. g3 Ne6 30. Nd3 h6 31. a3 Nc7 32.
Nc5 Ne6 33. Nxe6 Bxe6 34. Kd4 Bd7 35. Bd5 Be6 36. Bb7 Kc7 37. Bf3 Kd6 38. Bg2 Bd7 39.
Bf1 Bc6 40. c4 f4 41. c5+ Ke6 42. Bh3+ Kf6 43. Bc8 fxg3 44. hxg3 h5 45. Bxa6 h4 46.
gxh4 gxh4 47. Bc8 Ba8 48. Bd7 Bg2 49. Ke3 Ke5 50. Bxb5 Bd5 51. Bf1 Bc6 52. Bh3 Kd5 53. Bg2+ Kc4 54. Bxc6 1-0

[Event "*** Titled Tuesday Blitz"]
[Site "Chess.com"]
[Date "2018.04.03"]
[Round "2"]
[White "Batica1984"]
[Black "Oleksandr_Bortnyk"]
[Result "1-0"]
[WhiteElo "2609"]
[BlackElo "2804"]
[TimeControl "180+2"]
[EndTime "13:23:36 PDT"]
[Termination "Batica1984 won by resignation"]

1. e4 Nf6 2. Nc3 d5 3. e5 Nfd7 4. f4 e6 5. d4 c5 6. Nf3 Nc6 7. Be3 a6 8. Qd2 b5 9. Nd1 Be7 10. c3 h5 11. Be2 g6 12. O-O Bb7 13. Bf2 Qc7 14. Bh4 Bxh4 15. Nxh4 Qb6 16. Nf3 a5 17. Ne3 b4 18. Kh1 Ba6 19. Bxa6 Rxa6 20. Rac1 c4 21. b3 cxb3 22. axb3 bxc3 23. Rxc3 O-O 24. f5 exf5 25. Nxf5 Nd8 26. Ne7+ Kg7 27. Nxd5 Qb5 28. Ne3 Ne6 29. d5 Nec5 30. Nd4 Qb4 31. Rf4 Qa3 32. Nc6 Nxb3 33. Qd1 a4 34. h3 Qb2 35. Rc2 Qa1 36. Qxa1 Nxa1 37. Ra2 Nb3 38. Rfxa4 Rxa4 39. Rxa4 Re8 40. Nc4 Nbc5 41. Ra7 Kf8 42. Kh2 h4 43. Rc7 Ra8 44.
e6 fxe6 45. dxe6 Nxe6 46. Rxd7 Nf4 47. N4e5 g5 48. Rf7+ Ke8 49. Re7+ Kf8 50. Nd7+ Kg8 51. Nf6+ Kf8 52. Nh7+ Kg8 53. Nxg5 Ra2 54. Re8+ Kg7 55. Ne6+ Kf7 56. Rf8+ Kxe6 57. Rxf4 Kd6 58. Nd4 Ke5 59. Rg4 Ra1 60. Nf3+ 1-0

[Event "*** Titled Tuesday Blitz"]
[Site "Chess.com"]
[Date "2018.04.03"]
[Round "2"]
[White "GameOverBro"]
[Black "Orest_Vovk"]
[Result "0-1"]
[WhiteElo "2394"]
[BlackElo "2361"]
[TimeControl "180+2"]
[EndTime "13:23:36 PDT"]
[Termination "Orest_Vovk won by resignation"]

1. e4 Nf6 2. d3 d5 3. Nd2 dxe4 4. dxe4 e5 5. Ngf3 Bd6 6. c3 O-O 7. Qc2 Bc5 8. Be2 Re8 9. O-O a6 10. a4 Nc6 11. Nc4 h6 12. b4 Bf8 13. h3 Be6 14. Be3 Bxc4 15. Bxc4 Bd6 16. Rfd1 Qe7 17. Nh4 Red8 18. Nf5 Qf8 19. Qe2 Ne7 20. Qf3 Nxf5 21. Qxf5 Qe7 22. Qg6 Kf8 23. Qf5 Qd7 24. Qf3 Qc6 25.
Bd3 Be7 26. b5 axb5 27. Bxb5 Rxd1+ 28. Rxd1 Qxc3 29. Rc1 Qa5 30. Qf5 c6 31. Bf1 Qxa4 32.
Qxe5 Qxe4 33. Qc7 Qb4 34. Rd1 Ne8 35. Qe5 b6 36. Rd7 Rd8 37. Rb7 Rd1 38. Bxb6 Qd6 39.
Rxe7 Qxe7 40. Bc5 Nd6 41. Qf4 Rd5 42. Bb4 c5 43. Bc3 Ne4 44. Be5 Qxe5 45. Qf3 Rd4 46. Qe3 g6 47. f3 Qg5 48. Qa3 Nf6 49. Qxc5+ Qxc5 0-1

[Event "*** Titled Tuesday Blitz"]
[Site "Chess.com"]
[Date "2018.04.03"]
[Round "2"]
[White "WinnerOleg"]
[Black "Princec7"]
[Result "0-1"]
[WhiteElo "2352"]
[BlackElo "2408"]
[TimeControl "180+2"]
[EndTime "13:23:36 PDT"]
[Termination "Princec7 won by resignation"]

1. b3 e5 2. Bb2 Nc6 3. e3 Nf6 4. Bb5 Bd6 5. Na3 a6 6. Bxc6 dxc6 7. Nc4 Qe7 8. Nf3 e4 9. Nd4 O-O 10. d3 Bb4+ 11. c3 Bc5 12. O-O Bg4 13. Qc2 exd3 14. Qxd3 Rad8 15. Qc2 Bh5 16. Na5 Bg6 17. Qe2 Rb8 18.
Rad1 Bb6 19. Naxc6 bxc6 20. Nxc6 Qe6 21. Nxb8 Bh5 22.
f3 Rxb8 23. Rfe1 Nd5 24. Rd3 Nf4 25. Qd2 Nxd3 26. Qxd3 Re8 27. Bc1 Qg6 28. Qxg6 Bxg6 29. Kf2 Rd8 30. Ke2 Bd3+ 31. Kf2 Bb1 32. Re2 f5 33. f4 Be4 34. Ba3 Kf7 35. c4 Rd3 36.
h3 Ba5 37. g4 g6 38. Bc5 Bc3 39. Ba7 c6 40. Bc5 Rd2 41. Rxd2 Bxd2 42. Bd4 Bb4 43. Bb2 Bc5 44. Be5 Bb1 45. a3 Bxa3 46. gxf5 gxf5 0-1

[Event "*** Titled Tuesday Blitz"]
[Site "Chess.com"]
[Date "2018.04.03"]
[Round "2"]
[White "dimke2802"]
[Black "Vincent_Vega95"]
[Result "1-0"]
[WhiteElo "2318"]
[BlackElo "2524"]
[TimeControl "180+2"]
[EndTime "13:23:38 PDT"]
[Termination "dimke2802 won by resignation"]

1. d4 Nf6 2. c4 g6 3. Nf3 Bg7 4.
g3 b6 5. Bg2 Bb7 6. O-O O-O 7.
Nc3 Ne4 8. Nxe4 Bxe4 9. Be3 c5 10. Qd2 d6 11. Rad1 Nd7 12. Bh3 Nf6 13. d5 b5 14. b3 Rb8 15. Bh6 Bxf3 16. exf3 bxc4 17. bxc4 Rb4 18. Rc1 Qb6 19. Bxg7 Kxg7 20. Rfe1 Re8 21.
f4 Qa6 22. Bf1 Qa3 23. Rc3 Qb2 24. Rc2 Qa3 25. Rc3 Qb2 26. Rc2 Qd4 27. Qc1 Nd7 28. Qa3 Reb8 29. Rxe7 Rb2 30. Rce2 Rxe2 31. Bxe2 Nf6 32.
Qxa7 Rf8 33. Bf3 Qxc4 34. a4 Qd3 35. Re3 Qb1+ 36. Kg2 h5 37. h4 Rb8 38. Re7 Rf8 39.
a5 Qa2 40. a6 Nxd5 41. Rd7 Ne3+ 42. Kh3 Qxf2 43. Qb7 Qf1+ 44. Bg2 Qe2 45. a7 Qg4+ 46.
Kh2 Qe2 47. a8=Q Rxa8 48. Rxf7+ Kg8 49. Rg7+ 1-0

[Event "*** Titled Tuesday Blitz"]
[Site "Chess.com"]
[Date "2018.04.03"]
[Round "2"]
[White "nochewycandy"]
[Black "Supernotar"]
[Result "0-1"]
[WhiteElo "2051"]
[BlackElo "2211"]
[TimeControl "180+2"]
[EndTime "13:23:38 PDT"]
[Termination "Supernotar won by checkmate"]

1. c4 c5 2. g3 Nc6 3. Bg2 g6 4. Nc3 Bg7 5. a3 e6 6. b4 Nxb4 7. axb4 cxb4 8. Qa4 bxc3 9. Rb1 Ne7 10. Nf3 O-O 11. d4 Nf5 12. e3 d5 13. cxd5 exd5 14. O-O Bd7 15. Qc2 Qc7 16. Ba3 Rfc8 17. Rfc1 a5 18.
Bc5 Bf8 19. Qxc3 b6 20. Rxb6 a4 21. Rbb1 a3 22. Qa1 Qa5 23. Bxf8 Kxf8 24. Rxc8+ Bxc8 25.
Ne5 Ba6 26. Qa2 Kg7 27. Bxd5 Rc8 28. Bxf7 Nd6 29. Be6 Rc3 30. Qd2 Ne4 31. Qe1 Qa4 32. Bd5 Qc2 33. Bxe4 Qxe4 34. Rb6 a2 35. Rxa6 Qb1 36.
Nf3 Rc1 37. Ra7+ Kh6 38. Rxa2 Rxe1+ 39. Kg2 Qxa2 40. Nxe1 Qd5+ 41. Kg1 g5 42. h3 Kg6 43. Nd3 h5 44. g4 h4 45. f3 Kf6 46. Kg2 Qa2+ 47.
Nf2 Qe2 48. e4 Ke6 49. d5+ Ke5 50. f4+ gxf4 51. g5 f3+ 52. Kg1 Qe1+ 53. Kh2 Qxf2+ 54.
Kh1 Qg2# 0-1

[Event "*** Titled Tuesday Blitz"]
[Site "Chess.com"]
[Date "2018.04.03"]
[Round "2"]
[White "Shant_Sargsyan"]
[Black "Fighterman91"]
[Result "1/2-1/2"]
[WhiteElo "2773"]
[BlackElo "2562"]
[TimeControl "180+2"]
[EndTime "13:23:39 PDT"]
[Termination "Game drawn by repetition"]

1. d4 Nf6 2. c4 g6 3. Nc3 d5 4. cxd5 Nxd5 5. e4 Nxc3 6. bxc3 Bg7 7. Be3 c5 8. Rc1 O-O 9. Qd2 Nd7 10. Nf3 e5 11. d5 f5 12. d6 Kh8 13. Bg5 Nf6 14.
exf5 Bxf5 15. Be2 Qe8 16. O-O Ne4 17. Qd5 Nxg5 18. Nxg5 h6 19. Ne4 b6 20. Rfd1 Rd8 21. Bc4 Qd7 22. Ng3 Rf6 23. Nxf5 gxf5 24. Qxe5 Rxd6 25.
Rxd6 Bxe5 26. Rxd7 Rxd7 27. g3 f4 28. Kg2 Rd2 29. Kf3 fxg3 30. hxg3 Kg7 31. Ke4 Bf6 32. f4 Rg2 33. Kf3 Rd2 34. g4 Rh2 35. Ke4 Rf2 36. Rd1 Bxc3 37. Rd7+ Kf8 38. Rf7+ Ke8 39. Rxa7 Bd2 40.
f5 Rf4+ 41. Kd5 Rd4+ 42. Ke6 Re4+ 43. Kd5 Rd4+ 44. Ke6 Re4+ 45. Kd5 Rd4+ 46. Ke6 Re4+ 47. Kd5 Rd4+ 48. Ke6 Re4+ 1/2-1/2

[Event "*** Titled Tuesday Blitz"]
[Site "Chess.com"]
[Date "2018.04.03"]
[Round "2"]
[White "DanielRensch"]
[Black "popov_m"]
[Result "1-0"]
[WhiteElo "2447"]
[BlackElo "2440"]
[TimeControl "180+2"]
[EndTime "13:23:48 PDT"]
[Termination "DanielRensch won by resignation"]

1. e4 g6 2. d4 Bg7 3. Nc3 d6 4. Bg5 a6 5. f4 b5 6. Nf3 Bb7 7. Bd3 Nd7 8. a4 b4 9. Ne2 c5 10. c3 Ngf6 11. Ng3 cxd4 12. cxd4 h6 13. Bh4 Ng4 14.
h3 Ngf6 15. O-O O-O 16. e5 Nd5 17. e6 fxe6 18. Bxg6 Nxf4 19. Bc2 Rc8 20. Rc1 Qb6 21. Kh2 Nf6 22. Qd2 N6d5 23. Bb3 Rxc1 24. Rxc1 Rf7 25. Ne4 Nxh3 26. Kxh3 Nf4+ 27. Kh2 Bxe4 28. Bg3 Nd5 29. Rc8+ Kh7 30. Bc2 Nf6 31. Bh4 Qb7 32. Bxf6 Rxf6 33. d5 exd5 34. Re8 Qd7 35. Ra8 Qg4 36. Ra7 Qg6 37.
Bd1 Rf7 38. Rxa6 Be5+ 39. Nxe5 Qf5 40. Nxf7 Qxf7 41. Ra7 Qf6 42. Qe3 Qh4+ 43. Qh3 Qf6 44.
a5 d4 45. a6 d3 46. Rc7 d2 47.
a7 b3 48. Bxb3 d5 49. a8=Q Bxg2 50. Kxg2 Qg5+ 51. Qg3 1-0

[Event "*** Titled Tuesday Blitz"]
[Site "Chess.com"]
[Date "2018.04.03"]
[Round "2"]
[White "JozefKneht"]
[Black "Misha_Bilous"]
[Result "1-0"]
[WhiteElo "2417"]
[BlackElo "2251"]
[TimeControl "180+2"]
[EndTime "13:23:50 PDT"]
[Termination "JozefKneht won by resignation"]

1. e4 c5 2. Nf3 d6 3. d4 cxd4 4. Nxd4 Nf6 5. Nc3 a6 6. Bg5 Nbd7 7. f4 Qc7 8. Qf3 b5 9. O-O-O Bb7 10. Nd5 Nxd5 11. exd5 e6 12. Nc6 Bxc6 13. dxc6 Nb8 14. f5 Qxc6 15. Qe3 Qd7 16. fxe6 fxe6 17. Be2 Nc6 18.
Rhe1 Be7 19. Bf4 e5 20. Bf3 Rc8 21. Bg3 Nd4 22. Rxd4 exd4 23. Qe4 d3 24. Qxd3 O-O 25. Kb1 Kh8 26. Bd5 Qc7 27. c3 b4 28. cxb4 Bg5 29. a3 Rfe8 30. Rd1 Re3 31. Qf5 Bf6 32. Be4 Kg8 33.
Qxh7+ Kf7 34. Bg6+ Ke7 35. Bxd6+ Qxd6 36. Rxd6 Kxd6 37.
Qh5 Re1+ 38. Ka2 Rcc1 39. Qf5 Ra1+ 40. Kb3 Re3+ 41. Ka4 Rc1 42. Qf4+ Re5 43. Qxc1 Rg5 44. g3 Rxg6 45. Qc5+ Kd7 46. Qf5+ Kc6 47. Qxg6 1-0

[Event "*** Titled Tuesday Blitz"]
[Site "Chess.com"]
[Date "2018.04.03"]
[Round "2"]
[White "SanQui14"]
[Black "wonderfultime"]
[Result "0-1"]
[WhiteElo "2204"]
[BlackElo "2754"]
[TimeControl "180+2"]
[EndTime "13:23:51 PDT"]
[Termination "wonderfultime won on time"]

1. e4 c5 2. Nf3 d6 3. d4 cxd4 4. Qxd4 Nf6 5. Bg5 Nc6 6. Bb5 Nd7 7. Bxc6 bxc6 8. c4 Qb6 9. Qxb6 axb6 10. O-O h6 11.
Be3 g6 12. Bd4 e5 13. Bc3 Nc5 14. Nbd2 Na4 15. Rfc1 Be7 16. h3 Be6 17. Nf1 O-O 18.
Bb4 Nxb2 19. Nxe5 Bf6 20. Nxc6 Nd3 21. e5 Nxe5 22. Nxe5 Bxe5 23. Bc3 Bf4 24. Bd2 Be5 25. Bc3 Ra4 26. Ne3 Rc8 27. Rab1 Bxc3 28. Rxc3 d5 29. cxd5 Rxc3 30. dxe6 fxe6 31. Rxb6 Rxa2 32. Rxe6 Rc1+ 33.
Kh2 Kf7 34. Rb6 h5 35. Rb7+ Kg8 36. Rb8+ Kg7 37. Rb7+ Kh6 38. Kg3 Rc6 39. Rf7 Rb6 40. Nd5 Rb3+ 41. Ne3 g5 42. Rf6+ Kg7 43. Rc6 Rbb2 44. Rc7+ Kf6 45. Rc6+ Kf7 46. Rc7+ Ke6 47. Rc6+ Ke7 48. Rc7+ Ke8 49. Rc8+ Kd7 50. Rf8 Ke6 51. Rh8 Rxf2 52. Rxh5 Rfe2 53. Rh6+ Kf7 0-1

[Event "*** Titled Tuesday Blitz"]
[Site "Chess.com"]
[Date "2018.04.03"]
[Round "2"]
[White "chegueps"]
[Black "lucasran"]
[Result "1-0"]
[WhiteElo "2263"]
[BlackElo "2393"]
[TimeControl "180+2"]
[EndTime "13:24:06 PDT"]
[Termination "chegueps won by checkmate"]

1. e4 c6 2. d4 d5 3. f3 g6 4. Nc3 Bg7 5. Be3 e6 6. Qd2 Nf6 7. e5 Nfd7 8. f4 h5 9. Nf3 b6 10. g3 Ba6 11. Bxa6 Nxa6 12. h3 Qe7 13. O-O-O O-O-O 14. g4 Bh6 15. Ng5 Bxg5 16. fxg5 Nc7 17.
Rdf1 c5 18. Qe2 c4 19. a3 b5 20. Na2 Kb7 21. Bd2 Nb8 22. Bb4 Qe8 23. h4 Nc6 24. Bc3 a5 25. gxh5 Rxh5 26. Qd2 Ka6 27. Rf3 Rd7 28. b4 cxb3 29. cxb3 Na8 30. Qd3 Rc7 31. Kb2 Kb6 32. Qd2 Ka6 33. Qe1 Nb6 34.
Qe2 a4 35. Nb4+ Nxb4 36. Bxb4 axb3 37. Kxb3 Nc4 38. Qf2 Kb6 39. Ra1 Kc6 40. a4 bxa4+ 41. Rxa4 Rb7 42. Kc3 Kb5 43. Qa2 Rc7 44. Kb3 Kc6 45.
Ra6+ Nb6 46. Rc3+ Kb7 47. Rxb6+ Kxb6 48. Qa5+ Kb7 49. Rxc7+ Kb8 50. Qa7# 1-0

[Event "*** Titled Tuesday Blitz"]
[Site "Chess.com"]
[Date "2018.04.03"]
[Round "2"]
[White "temiksmozg"]
[Black "schoolmeester"]
[Result "1-0"]
[WhiteElo "2514"]
[BlackElo "2595"]
[TimeControl "180+2"]
[EndTime "13:24:09 PDT"]
[Termination "temiksmozg won by resignation"]

1. d4 Nf6 2. c4 g6 3. Nc3 d5 4. Bg5 Bg7 5. e3 Ne4 6. Bh4 c5 7. cxd5 Nxc3 8. bxc3 Qxd5 9. Nf3 Nc6 10. Be2 O-O 11. O-O cxd4 12. cxd4 Bf5 13. Qa4 Rac8 14. Rac1 a6 15. Rc5 Qd6 16. Bg3 Qd7 17. Qa3 e6 18. Rfc1 Rfd8 19. Qb2 Be4 20. Qb6 Bd5 21. a3 Bf8 22. R5c3 Bd6 23. Bxd6 Qxd6 24. h3 Qc7 25.
Qxc7 Rxc7 26. Ne5 Rdc8 27. f3 f6 28. Nd3 Rd8 29. Nb4 Rcd7 30. Nxd5 exd5 31. Kf2 Ne7 32.
h4 Kf7 33. Rc7 h5 34. Rxd7 Rxd7 35. Rc5 Ke6 36. a4 Kd6 37. Bd3 Rc7 38. Rxc7 Kxc7 39.
e4 Kd6 40. Ke3 Ke6 41. Kf4 a5 42. e5 b6 43. g4 hxg4 44. fxg4 Nc6 45. Bxg6 Nxd4 46.
Bf5+ Kf7 47. exf6 Kxf6 48. g5+ Kg7 49. Bd3 Ne6+ 50. Kg4 Nc5 51. Bf5 d4 52. h5 d3 53.
h6+ Kg8 54. g6 d2 55. Bc2 Kf8 56. g7+ Kg8 57. Kh5 Kf7 58. Bd1 b5 59. axb5 a4 60.
b6 a3 61. b7 1-0

[Event "*** Titled Tuesday Blitz"]
[Site "Chess.com"]
[Date "2018.04.03"]
[Round "2"]
[White "KenanGarayev"]
[Black "nickmatta"]
[Result "0-1"]
[WhiteElo "2511"]
[BlackElo "2295"]
[TimeControl "180+2"]
[EndTime "13:24:11 PDT"]
[Termination "nickmatta won on time"]

1. d4 Nf6 2. c4 g6 3. Nc3 d5 4.
cxd5 Nxd5 5. e4 Nxc3 6. bxc3 Bg7 7. Bc4 c5 8. Ne2 O-O 9. Be3 Nc6 10. Rc1 cxd4 11. cxd4 Qa5+ 12. Kf1 Rd8 13. h4 Ne5 14.
Bd2 Qb6 15. dxe5 Bh6 16. f4 Bg4 17. Qc2 Rac8 18. Qc3 Rc6 19. Be3 Qc7 20. Qb3 e6 21. Kf2 a6 22. a4 Bxe2 23. Bxe2 Rc8 24. Rxc6 bxc6 25. Rb1 Bf8 26. Bxa6 Ra8 27. Be2 Qd8 28.
Rd1 Qxh4+ 29. Kg1 c5 30. Bb5 Bh6 31. Rf1 Rd8 32. a5 Qg3 33. a6 Rd2 34. Bxd2 Qxb3 35.
Ra1 Qb2 36. Ra4 Qxb5 37. Ra5 Qb1+ 38. Kh2 Qxe4 39. a7 Qa8 40. Be3 Bf8 41. g3 Be7 42.
Kg1 Kg7 43. Kf2 Bd8 44. Ra6 Be7 45. Ke2 h5 46. Kd3 Qd8+ 47. Kc3 Qa8 48. Kc4 Qd5+ 49.
Kb5 Qd3+ 50. Kb6 Bd8+ 51. Kb7 Qb5+ 52. Kc8 Qxa6+ 0-1

[Event "*** Titled Tuesday Blitz"]
[Site "Chess.com"]
[Date "2018.04.03"]
[Round "2"]
[White "PulpanJ"]
[Black "Divertissement"]
[Result "1-0"]
[WhiteElo "2425"]
[BlackElo "2449"]
[TimeControl "180+2"]
[EndTime "13:24:14 PDT"]
[Termination "PulpanJ won by checkmate"]

1. e4 c6 2. d4 d5 3. exd5 cxd5 4. Bd3 Nc6 5. c3 Qc7 6. h3 Nf6 7.
Nf3 e5 8. dxe5 Nxe5 9. O-O Nxd3 10. Qxd3 Be7 11. Bg5 Be6 12. Nd4 O-O 13. Nd2 h6 14. Bh4 a6 15. Rfe1 Nh5 16. Bxe7 Qxe7 17. Nxe6 fxe6 18.
Qxd5 Rad8 19. Qxh5 Rxd2 20. Re2 Rf5 21. Qg4 Qd6 22.
Rae1 Rxe2 23. Qxe2 Rf6 24. Rd1 Qc7 25. Qd3 Rf8 26.
Qe3 Qc4 27. b3 Qc6 28. Re1 Rf6 29. c4 b5 30. cxb5 axb5 31. Rc1 Qa6 32. Qe2 g5 33. a4 Rf5 34. Rc7 Qb6 35. Re7 bxa4 36. bxa4 Qb1+ 37. Kh2 Qb8+ 38. g3 Qb6 39. Kg1 Rf6 40. Rd7 Qc6 41. Rd4 Qc1+ 42. Kg2 Qc6+ 43. Qe4 Qa6 44. Rd8+ Kg7 45. Rd7+ Kf8 46. Qd4 Qc6+ 47. Kh2 Rf7 48.
Qh8# 1-0

[Event "*** Titled Tuesday Blitz"]
[Site "Chess.com"]
[Date "2018.04.03"]
[Round "2"]
[White "Cryptochess"]
[Black "AdrianaNikolova"]
[Result "0-1"]
[WhiteElo "2393"]
[BlackElo "2364"]
[TimeControl "180+2"]
[EndTime "13:24:16 PDT"]
[Termination "AdrianaNikolova won by resignation"]

1. e4 c5 2. Nf3 d6 3. d4 cxd4 4. Nxd4 Nf6 5. Nc3 Nc6 6. Be3 e5 7. Nb3 Be7 8. Be2 Be6 9. O-O O-O 10. f4 exf4 11. Rxf4 Ne5 12. Qe1 Ng6 13. Rf3 Rc8 14.
Rd1 Ne5 15. Rg3 Kh8 16. Nd4 Qa5 17. Nf5 Bxf5 18. exf5 d5 19. Bd4 Bc5 20. Qf2 Bxd4 21. Qxd4 Qc5 22. Rh3 Nc4 23. Bxc4 dxc4 24. Qxc5 Rxc5 25.
Rf3 b5 26. Rd6 b4 27. Ne2 Re8 28. Nd4 a5 29. Kf1 Rce5 30. g3 Ne4 31. Rd7 Nd2+ 32. Kf2 Nxf3 33. Kxf3 Re3+ 34. Kf2 R3e7 35. Rd5 a4 36.
Rc5 b3 37. Rxc4 bxc2 38. Rxc2 Re4 39. Nf3 Rb4 40. Ne1 h5 41. Nd3 Rb5 42. Rc5 Rxc5 43. Nxc5 a3 44. bxa3 Re5 45. Nb3 Rxf5+ 46. Ke3 g5 47. a4 Re5+ 48. Kd3 f5 49. a5 f4 50. gxf4 gxf4 51. a6 Re7 52. Nd4 Ra7 53. Ke4 Rxa6 54.
Kxf4 Ra4 55. Ke5 Kg7 56. Nf3 Kg6 57. h4 Rxa2 58. Kf4 Rg2 59. Ne5+ Kf6 60. Nf3 Rg4+ 61. Ke3 Ra4 62. Kf2 Kf5 63. Kg3 Ra3 64. Kg2 Kg4 65.
Ne5+ Kxh4 66. Nf3+ Kg4 67. Ne5+ Kf4 68. Ng6+ Kf5 69.
Nh4+ Kg4 70. Ng6 Ra2+ 71. Kh1 Kg3 0-1

[Event "*** Titled Tuesday Blitz"]
[Site "Chess.com"]
[Date "2018.04.03"]
[Round "2"]
[White "GasconJR"]
[Black "Vusatiuk_Vladimir"]
[Result "1-0"]
[WhiteElo "2331"]
[BlackElo "2197"]
[TimeControl "180+2"]
[EndTime "13:24:20 PDT"]
[Termination "GasconJR won on time"]

1. e4 c5 2. Nf3 d6 3. d4 cxd4 4. Nxd4 Nf6 5. Nc3 a6 6. Bg5 Nbd7 7. Qe2 Qc7 8. O-O-O e6 9. f4 Be7 10. g4 b6 11. Bxf6 Bxf6 12. g5 Be7 13. h4 Bb7 14. Rh3 Nc5 15. Bg2 b5 16. a3 Rc8 17. Kb1 Qb6 18.
b4 Na4 19. Nxa4 bxa4 20. c4 a5 21. Nb5 Ba6 22. f5 Bxb5 23. cxb5 axb4 24. axb4 Rb8 25. Rc3 O-O 26. Bf1 Rfc8 27. Rdc1 Rxc3 28. Rxc3 d5 29. exd5 Bxb4 30. Rc6 Qb7 31. dxe6 fxe6 32. Qxe6+ Kh8 33. f6 Bf8 34. Bc4 Bb4 35. f7 Bf8 36. h5 Qa7 37.
b6 Qa5 38. Bd3 Qb4+ 39. Ka2 Rd8 40. Bc2 Rd2 41. Rc8 Qa3+ 42. Kb1 Rf2 43. Rxf8+ Qxf8 44. Qe8 Rxf7 45. Qxf8+ Rxf8 46. Be4 Rb8 47. b7 Kg8 48. Ka2 Kf8 49. Ka3 h6 50. Kxa4 Ke7 51. gxh6 gxh6 52. Kb5 Kd7 53. Kb6 Rf8 54. Bf5+ Kd6 55.
Bc8 Rf1 56. b8=Q+ 1-0

[Event "*** Titled Tuesday Blitz"]
[Site "Chess.com"]
[Date "2018.04.03"]
[Round "2"]
[White "ristingho"]
[Black "Mykola-Bortnyk"]
[Result "0-1"]
[WhiteElo "2299"]
[BlackElo "2700"]
[TimeControl "180+2"]
[EndTime "13:24:20 PDT"]
[Termination "Mykola-Bortnyk won by resignation"]

1. d4 d5 2. c4 e5 3. dxe5 d4 4. Nf3 Nc6 5. a3 Bg4 6. b4 a5 7.
b5 Bxf3 8. exf3 Nxe5 9. f4 Ng6 10. Bd3 Qe7+ 11. Kf1 Nf6 12. Qf3 Rb8 13. g3 Qc5 14. Kg2 Be7 15. a4 Qh5 16. Qxh5 Nxh5 17. Re1 Kd8 18.
Kf3 Nf6 19. Bb2 Bb4 20. Rd1 Ke7 21. Bxd4 Rhd8 22. Bb2 Rd7 23. Nc3 Rbd8 24. Ke2 c6 25.
Bf5 Rd6 26. Ne4 Nxe4 27. Bxe4 f6 28. Rxd6 Rxd6 29. Rd1 Nf8 30. Rxd6 Kxd6 31. Kd3 Bc5 32. f3 Bb4 33. h4 h6 34. h5 Ne6 35. Ke3 Be1 36.
g4 Nc5 37. Bc2 Ne6 38. Bf5 Nc5 39. Bc2 Ne6 40. Bf5 Nc5 41. Ba3 Bb4 42. Bb2 Nxa4 43. Ba1 Nb6 44. g5 Nxc4+ 45. Ke2 Ke7 46. bxc6 bxc6 47. gxh6 gxh6 48. Bd3 Nd6 49. Ke3 c5 50.
f5 c4 51. Bc2 Nb5 52. Ke4 Bc3 53. Bxc3 Nxc3+ 54. Kd4 Ne2+ 55. Kxc4 Ng3 56. Kb5 Nxh5 57. Kxa5 Nf4 58. Kb4 h5 59. Kc3 h4 60. Kd2 h3 61.
Ke1 h2 0-1

[Event "*** Titled Tuesday Blitz"]
[Site "Chess.com"]
[Date "2018.04.03"]
[Round "2"]
[White "TregubovP"]
[Black "dianosky"]
[Result "1-0"]
[WhiteElo "2475"]
[BlackElo "2272"]
[TimeControl "180+2"]
[EndTime "13:24:20 PDT"]
[Termination "TregubovP won by resignation"]

1. d4 d5 2. c4 dxc4 3. e3 Nf6 4. Bxc4 a6 5. Nf3 b5 6. Bd3 Bb7 7. a4 b4 8. O-O Nbd7 9. Nbd2 e6 10. e4 c5 11. e5 Nd5 12. Ne4 cxd4 13. Bg5 Qb6 14. a5 Qc7 15. Qa4 Bc6 16. Qc2 h6 17. Bh4 Nf4 18.
Rfc1 Qb7 19. Qxc6 Qxc6 20. Rxc6 Nxd3 21. Nd6+ Bxd6 22. exd6 e5 23. Rc7 f6 24. b3 Rd8 25.
Nd2 O-O 26. Nc4 N7c5 27. Rb1 Rf7 28. Rc6 g5 29. Bg3 Rfd7 30. f3 Kf7 31. Kf1 Ke6 32.
Ke2 Kd5 33. Rb6 f5 34. Be1 Nxe1 35. Kxe1 e4 36. Kd2 exf3 37. gxf3 Re8 38. Rxb4 Kc6 39. Rb6+ Kd5 40. Rc1 d3 41. Ne3+ Rxe3 42. Kxe3 f4+ 43. Kd2 Rxd6 44. Rxd6+ Kxd6 45. Rc3 g4 46. b4 Na4 47.
Rxd3+ Ke5 48. fxg4 Ke4 49. Rh3 Nb2 50. Rxh6 Nc4+ 51.
Ke2 f3+ 52. Kf2 Ne5 53. Re6 Kf4 54. Rxe5 Kxe5 55. Kxf3 1-0

[Event "*** Titled Tuesday Blitz"]
[Site "Chess.com"]
[Date "2018.04.03"]
[Round "2"]
[White "Annawel"]
[Black "ahmadzada13"]
[Result "0-1"]
[WhiteElo "2863"]
[BlackElo "2601"]
[TimeControl "180+2"]
[EndTime "13:24:22 PDT"]
[Termination "ahmadzada13 won by resignation"]

1. c4 c5 2. Nf3 Nf6 3. b3 b6 4. Bb2 e6 5. g3 Bb7 6. Bg2 Be7 7.
O-O O-O 8. Re1 d5 9. cxd5 Nxd5 10. d4 cxd4 11. Nxd4 Nc6 12. a3 Bf6 13. e4 Nxd4 14.
Bxd4 Bxd4 15. Qxd4 Ne7 16. Qe3 Rc8 17. Nc3 Qc7 18.
Rac1 Rfd8 19. h4 Qc5 20. Qxc5 Rxc5 21. b4 Rcc8 22. Nb5 a6 23. Rxc8 Nxc8 24. Nc7 Kf8 25.
Bf1 b5 26. a4 bxa4 27. Nxa6 Bxa6 28. Bxa6 Nb6 29. e5 Rd4 30. b5 Rb4 31. Ra1 Ke7 32. Kf1 Rb2 33. h5 h6 34. g4 Rb4 35. f3 Rb2 36.
Ra3 Rb3 37. Ra2 Rxf3+ 38. Kg2 Rb3 39. Kf2 a3 40. Ke1 Nc4 41. Kd1 Nxe5 42. b6 Rxb6 43.
Rxa3 Nxg4 44. Be2 Ne5 45. Rg3 g5 46. hxg6 fxg6 47. Kd2 Rb2+ 48. Kd1 Rb1+ 49. Kc2 Re1 50. Kd2 Ra1 51. Bd1 Kf6 52. Bc2 g5 53. Rg2 g4 54. Rf2+ Kg5 55. Re2 Nf3+ 56. Kc3 Ra3+ 57. Kb4 Ra6 58. Bd3 Rd6 59. Bc4 h5 60. Kc5 Rd4 61.
Bxe6 Rd2 62. Re4 g3 63. Re3 Kf4 64. Ra3 g2 65. Ra4+ Rd4 66. Ra1 Re4 67. Bd5 Re1 68.
Bxf3 Rxa1 69. Bxg2 h4 70. Kd4 Kg3 71. Bd5 h3 72.
Kc3 h2 73. Kb2 h1=Q 0-1

[Event "*** Titled Tuesday Blitz"]
[Site "Chess.com"]
[Date "2018.04.03"]
[Round "2"]
[White "SmoothAsAHedgehog"]
[Black "Sanan_Sjugirov"]
[Result "1-0"]
[WhiteElo "2579"]
[BlackElo "2848"]
[TimeControl "180+2"]
[EndTime "13:24:29 PDT"]
[Termination "SmoothAsAHedgehog won by resignation"]

1. Nf3 c5 2. c4 Nc6 3. g3 g6 4. Bg2 Bg7 5. Nc3 e5 6. O-O Nge7 7. a3 O-O 8. d3 d6 9. Rb1 a5 10.
Ne1 Be6 11. Nc2 d5 12. cxd5 Nxd5 13. Ne3 Nde7 14. Nc4 Rb8 15. Nb5 Nd4 16. Nxd4 cxd4 17.
a4 Nc6 18. Bd2 Bd5 19. Bxd5 Qxd5 20. Qb3 Rfd8 21. Rfc1 Bf8 22. Bg5 Re8 23. Bd2 Bb4 24.
Bxb4 axb4 25. Nd2 Qd8 26. Rc5 Kg7 27. Rbc1 Qe7 28. a5 Ra8 29. Nf3 Rxa5 30. Rxa5 Nxa5 31. Qd5 Nc6 32. Qb5 e4 33. dxe4 Qxe4 34. Qxb7 Na5 35. Qxe4 Rxe4 36. Kf1 Nb3 37. Rc7 h6 38. Rb7 d3 39.
exd3 Re6 40. Rxb4 Nc5 41. Rd4 Rf6 42. Kg2 Rb6 43. b4 Ne6 44. Rc4 Rd6 45. Ne1 Nd4 46.
Nc2 Ne6 47. d4 g5 48. b5 Rb6 49. Rb4 Nc7 50. Na3 Nd5 51. Rb1 g4 52. Nc4 Rb8 53.
b6 Kf6 54. b7 Ke6 55. Ne5 Kd6 56. Nxf7+ Kc7 57. Nxh6 Nf6 58. Rb5 Kc6 59. Rf5 Ne4 60.
Re5 Nc3 61. Rc5+ 1-0